 Dungeon Crawl Stone Soup version 0.22-a0-858-g985ef60 (webtiles) character file.

669003 wazuzu the Imperceptible (level 27, -7/165 HPs)
             Began as a Vine Stalker Berserker on July 23, 2018.
             Was a High Priest of Trog.
             Mangled by an Orb Guardian (14 damage)
             ... on level 5 of the Realm of Zot on July 27, 2018.
             The game lasted 03:36:25 (56439 turns).

wazuzu the Imperceptible (Vine Stalker Berserker)  Turns: 56439, Time: 03:36:26

Health: -7/165     AC: 35    Str: 23    XL:     27
Magic:  0/41       EV: 24    Int:  7    God:    Trog [*****.]
Gold:   3154       SH: 10    Dex: 25    Spells: 26/26 levels left

rFire    + + +     SeeInvis .   o - +9 quick blade (elec)
rCold    + + .     Gourm    .   g - +2 buckler {reflect}
rNeg     . . .     Faith    .   s - +10 shadow dragon scales
rPois    .         Spirit   +   v - +2 hat of Optimism {rCorr}
rElec    +         Reflect  +   Y - scarf {rC+ rF+}
rCorr    +         Harm     .   K - +0 pair of gloves of the Sky {rElec rF+ MR+ Str-3 Dex+4}
MR       +++++     Rnd*Tele +   t - +2 pair of boots {Fly}
Stlth    ++++++++++             X - amulet of the Air {Inacc +Fly rElec EV+5 RMsl}
HPRegen  2.17/turn              P - ring of the Forgotten Gods {rF+ Stlth+}
MPRegen  0.27/turn              z - ring of protection from cold

@: about to teleport, flying, regenerating, slowed, constricted, repel missiles,
very slow
A: fangs 3, rugged brown scales 1, thin skeletal structure 1, blurry vision 1,
clumsy 1, high mp 1, regeneration 2, teleportitis 1, magic shield, antimagic
bite, no potion heal 3, rot immunity, MP-powered wands
}: 4/15 runes: serpentine, barnacled, slimy, silver
a: Berserk, Trog's Hand, Brothers in Arms, Renounce Religion, Stop Flying


You were on level 5 of the Realm of Zot.
You worshipped Trog.
Trog was extremely pleased with you.
You were not hungry.

You visited 12 branches of the dungeon, and saw 56 of its levels.
You visited 1 bazaar.
You also visited: Trove, Ossuary and Ice Cave.

You collected 7504 gold pieces.
You spent 4350 gold pieces at shops.

Inventory:

Hand Weapons
 d - the +11 fustibalus of Brawling {velocity, *Drain +Blink MR+ Stlth+}
   (You bought it in a shop on level 4 of the Vaults)

   Any stone fired from it inflicts extra damage.
   It affects your resistance to hostile enchantments.
   It lets you blink.
   It causes draining when unequipped.
   It makes you more stealthy.
 o - a +9 quick blade of electrocution (weapon)
 N - the +10 quick blade of Indomitability {drain, rF+ rN+ Stlth+}
   (You acquired it on level 1 of the Snake Pit)

   A truly terrible weapon, it drains the life of those it strikes.
   It protects you from fire.
   It protects you from negative energy.
   It makes you more stealthy.
Missiles
 e - 1664 stones (quivered)
 r - 7 throwing nets
Armour
 g - a +2 buckler of reflection (worn)
 s - +10 shadow dragon scales (worn)
 t - a +2 pair of boots of flying (worn)
 v - the +2 hat of Optimism (worn) {rCorr}
   (You bought it in a shop on level 2 of the Orcish Mines)

   It provides partial protection from all sources of acid and corrosion.
 K - the +0 pair of gloves of the Sky (worn) {rElec rF+ MR+ Str-3 Dex+4}
   (You found it on level 11 of the Dungeon)

   It affects your strength (-3).
   It affects your dexterity (+4).
   It protects you from fire.
   It insulates you from electricity.
   It affects your resistance to hostile enchantments.
 Y - a scarf of resistance (worn)
Jewellery
 z - a ring of protection from cold (right hand)
 J - the amulet of the Four Winds {rN+ MR+++ Clar}
   (You took it off a deep elf high priest on level 3 of the Elven Halls)

   [amulet of nothing]

   It protects you from negative energy.
   It affects your resistance to hostile enchantments.
   It protects you against confusion.
 P - the ring of the Forgotten Gods (left hand) {rF+ Stlth+}
   (You bought it in a shop on level 3 of the Depths)

   [ring of stealth]

   It protects you from fire.
   It makes you more stealthy.
 X - the amulet of the Air (around neck) {Inacc +Fly rElec EV+5 RMsl}
   (You found it on level 5 of the Vaults)

   [amulet of inaccuracy]

   It reduces the accuracy of all your attacks.
   It affects your evasion (+5).
   It insulates you from electricity.
   It lets you fly.
   It protects you from missiles.
Wands
 i - a wand of flame (146)
 q - a wand of disintegration (58)
 y - a wand of paralysis (34)
 B - a wand of iceblast (48)
 G - a wand of digging (36)
 M - a wand of enslavement (25)
 S - a wand of acid (11)
Scrolls
 f - 4 scrolls of identify
 x - 4 scrolls of magic mapping
 A - 7 scrolls of blinking
 C - 29 scrolls of remove curse
 F - a scroll of enchant armour
 H - 7 scrolls of teleportation
 I - 6 scrolls of fog
 L - 4 scrolls of fear
 T - 5 scrolls of summoning
 U - 5 scrolls of enchant weapon
 W - a scroll of silence
 Z - a scroll of holy word
Potions
 a - 5 potions of berserk rage
 b - 8 potions of lignification
 h - 7 potions of agility
 j - 4 potions of ambrosia
 k - 10 potions of cancellation
 l - 10 potions of magic
 m - 14 potions of curing
 n - 4 potions of mutation
 p - 4 potions of resistance
 u - 11 potions of might
 w - 8 potions of flight
 D - 11 potions of haste
 E - 3 potions of invisibility
Miscellaneous
 Q - a lightning rod (4/4)
 R - 2 phantom mirrors
Comestibles
 c - 63 rations


   Skills:
 + Level 21.9 Fighting
 - Level 14.0 Short Blades
 - Level 14.0 Slings
 - Level 16.0 Armour
 - Level 16.0 Dodging
 + Level 23.8 Stealth
 - Level 9.0 Shields
 - Level 20.0 Evocations


You had 26 spell levels left.
You didn't know any spells.
Your spell library was empty.

Dungeon Overview and Level Annotations

Branches:
Dungeon (15/15)            Temple (1/1) D:5            Lair (6/6) D:11
 Shoals (4/4) Lair:3        Snake (4/4) Lair:3        Slime (5/5) Lair:5
    Orc (2/2) D:9             Elf (3/3) Orc:2        Vaults (5/5) D:13
  Crypt (0/3) Vaults:2     Depths (5/5) D:15           Hell (1/1)
    Zot (5/5) Depths:5
    Dis: Hell:1         Geh: Hell:1         Coc: Hell:1         Tar: Hell:1

Altars:
Ashenzari
Cheibriados
Dithmenos
Elyvilon
Fedhas
Gozag
Hepliaklqana
Kikubaaqudgha
Makhleb
Nemelex Xobeh
Okawaru
Qazlal
Ru
Sif Muna
Trog
Uskayaw
Vehumet
Wu Jian
Xom
Yredelemnul
Zin
The Shining One
Lugonu

Shops:
D:7 !   D:8 *   D:15 [   Orc:1 [   Orc:2 *:[(   Elf:1 !   Shoals:3 (
Snake:1 ([?   Snake:3 }(   Vaults:4 :}*(   Depths:3 =}}   Depths:5 [

Portals:
Hell: Depths:1 Depths:2 Depths:3 Depths:4 Depths:5
Abyss: Depths:1 Depths:2 Depths:4 Depths:5
Pandemonium: Depths:3 Depths:4
Ziggurat: Depths:1

Annotations:
Lair:2 exclusion: oklob plant
Shoals:3 Rijenev's ghost, journeyman MiFi; WinstonMain's ghost, adept DsGl
Hell Geryon
Zot:5 1 exclusion


Innate Abilities, Weirdness & Mutations

You have razor-sharp teeth.
You heal very quickly.
When hurt, damage is shared between your health and your magic reserves.
Your bite disrupts and absorbs the magic of your enemies.
Potions cannot restore your health.
You are immune to rotting.
You are partially covered in rugged brown scales. (AC +1, +3% HP)
You have a somewhat thin skeletal structure. (Dex +2, Stealth)
Scrolls take you a little longer to read.
You are clumsy. (Dex -2)
You have an increased reservoir of magic. (+10% MP)
You are occasionally teleported next to monsters.
You expend magic power (3 MP) to strengthen your wands.


Message History

The Orb Guardian hits you.
* * * LOW HITPOINT WARNING * * *
You block the Orb Guardian's attack.
The Orb Guardian hits you but does no damage.
You hear a distant blaring wail to the east.
The Orb Guardian hits you but does no damage.
You block the tentacled monstrosity's attack.
The tentacled monstrosity tentacle-slaps you but does no damage.
The tentacled monstrosity closely misses you.
The tentacled monstrosity constricts you.
The Orb Guardian hits you but does no damage.
The Orb Guardian hits you!!
* * * LOW HITPOINT WARNING * * *
The Orb Guardian hits you but does no damage.
You block the Orb Guardian's attack.
The Orb prevents control of your translocation!
The tentacled monstrosity's grasp on you weakens, but your attempt to escape fails.
As you read the scroll of blinking, it crumbles to dust.
The Orb Guardian hits you!!
You die...

,......$...## **,,,,,,,
,...........# ▓▓▓▓▓▓▓▓▓ *,,,,,,,,
,...........▓▓▓.......▓▓*,,,,,,,,
,*..........▓▓.........▓▓........
,...........▓....^....).▓........
,.................0...X..........
,.*.........▓.XXX.O..X..▓........
,...........▓▓zXXXX....▓▓........
,...........▓▓▓X@XXX..▓*▓........
,.....*.....▓ ▓▓▓▓▓▓▓▓▓ ▓........
,,.........▓▓ *▓....X*.
,,,......▓▓▓ ▓▓▓..*.* ,,,,..▓▓▓*
▓▓▓▓** ******* ▓▓▓


You could see a tentacled monstrosity, a death cob, 12 Orb Guardians and a
friendly ogre (berserk).

Vanquished Creatures
  4 ancient liches
  An orb of fire (Zot:2)
  Sojobo (Depths:1)
  Frederick (Depths:2)
  2 Killer Klowns (Zot:4)
  2 curse toes
  6 golden dragons
  Nikola (Shoals:4)
  A bone dragon (Depths:5)
  12 tentacled monstrosities
  Jorgrun (Shoals:4)
  Rupert (Snake:1)
  8 quicksilver dragons
  4 liches
  8 titans
  Asterion (Depths:1)
  3 krakens
  An ancient champion (Depths:2)
  15 acid blobs
  7 death cobs
  Frances (D:13)
  2 deep elf blademasters (Elf:3)
  4 sphinxes (Vaults:5)
  4 deep elf master archers (Elf:3)
  Polyphemus (Shoals:4)
  16 storm dragons
  5 nagarajas (Snake:4)
  8 tengu reavers
  6 shadow dragons
  Roxanne (Snake:1)
  4 draconian monks
  11 azure jellies
  11 frost giants
  15 fire giants
  Ilsuiw (Shoals:4)
  9 deep elf sorcerers
  8 vault wardens
  4 draconian scorchers
  8 draconian knights
  4 orc warlords
  An iron dragon (Vaults:5)
  4 draconian shifters
  A balrug (Depths:2)
  3 draconian annihilators
  6 draconian stormcallers
  A spriggan defender (Depths:1)
  16 stone giants
  2 war gargoyles (Vaults:5)
  5 deep elf elementalists
  15 ironheart preservers
  6 vampire knights
  10 very ugly things
  An entropy weaver (Vaults:3)
  11 deep elf demonologists
  3 black draconians
  8 green draconians
  18 deep elf annihilators
  23 purple draconians
  11 white draconians
  9 red draconians
  A yellow draconian (Zot:2)
  Snorg (D:13)
  13 spark wasps
  9 ettins
  7 statues (Depths:2)
  9 merfolk impalers
  3 merfolk javelineers (Shoals:4)
  9 fire dragons
  Josephine (Orc:2)
  12 deep elf death magi
  8 death oozes
  The ghost of Guadghas the Spear-Bearer, a journeyman CeBe of Trog (Lair:1)
  13 yaktaur captains
  9 great orbs of eyes
  5 deep elf high priests
  6 spriggan air magi
  10 ice dragons
  17 vault guards
  Fannar (Lair:2)
  6 rakshasas
  6 naga warriors
  3 merfolk avatars
  4 anacondas
  A death knight (Vaults:1)
  A catoblepas (Shoals:4)
  4 hydras
  17 centaur warriors
  Erica (D:8)
  6 merfolk aquamancers
  6 tengu warriors
  A satyr (Shoals:2)
  28 dancing weapons
  53 two-headed ogres
  9 deep troll shamans
  3 death yaks (Shoals:4)
  18 ogre magi
  3 small abominations
  2 orc high priests
  Urug (D:13)
  9 deep troll earth magi
  3 spriggan berserkers
  2 vampire magi
  3 soul eaters
  7 shock serpents
  19 deep elf knights
  5 large abominations
  2 sun demons (Depths:2)
  6 naga sharpshooters
  7 skeletal warriors
  4 iron trolls
  A fire crab (shapeshifter) (Elf:3)
  A storm dragon skeleton (Depths:1)
  3 salamander mystics
  3 unseen horrors
  13 sea snakes
  4 flayed ghosts
  A shadow demon (Depths:4)
  23 deep trolls
  A gelid demonspawn (Depths:4)
  5 naga ritualists
  13 deep elf archers
  A lindwurm (Lair:6)
  Pikel (D:8)
  12 harpies
  15 ironbrand convokers
  7 wizards
  3 necromancers
  42 ugly things
  22 orc knights
  A harpy (shapeshifter) (Vaults:2)
  A phantasmal warrior (Vaults:5)
  11 mana vipers
  7 cyclopes
  70 deep elf magi
  A wolf spider (shapeshifter) (Vaults:5)
  7 orc sorcerers
  5 shining eyes
  12 manticores
  9 salamanders
  18 moths of wrath
  2 wolf spiders
  2 oklob plants
  9 fauns
  An elephant (Lair:2)
  6 centaur zombies
  An elephant (shapeshifter) (Vaults:5)
  3 frost giant skeletons
  A fire giant zombie (Vaults:5)
  14 vault sentinels
  A fire giant skeleton (Depths:1)
  6 guardian serpents (Snake:4)
  A salamander (shapeshifter) (Depths:2)
  34 black mambas
  8 merfolk sirens
  An ice statue (IceCv)
  A torpor snail (Lair:6)
  3 eyes of devastation
  Joseph (D:8)
  11 naga magi
  4 water nymphs
  26 spiny frogs
  A freezing wraith (Vaults:5)
  A kobold demonologist (D:13)
  2 rime drakes
  31 yaktaurs
  A guardian mummy (D:15)
  2 efreet
  An entropy weaver simulacrum (Vaults:1)
  7 komodo dragons
  An anaconda simulacrum (IceCv)
  A meliai (shapeshifter) (Vaults:4)
  2 tengu conjurers
  3 meliai (D:14)
  4 hornets
  5 wind drakes
  6 trolls
  23 merfolk
  A polar bear (Lair:5)
  A hornet (shapeshifter) (Vaults:3)
  3 tyrant leeches (Lair:6)
  A jumping spider (shapeshifter) (D:15)
  6 dream sheep
  An ettin zombie (Depths:1)
  2 deep troll zombies (D:15)
  A polar bear (shapeshifter) (Vaults:4)
  66 slime creatures
  22 blink frogs
  A blink frog (shapeshifter) (Vaults:1)
  9 snapping turtles
  4 hippogriffs
  4 air elementals
  A hippogriff (shapeshifter) (Vaults:3)
  Sigmund (D:3)
  4 redbacks (Vaults:3)
  A shadow (D:14)
  14 water elementals
  52 yaks
  4 spriggans (shapeshifter)
  4 vampires
  7 wraiths
  2 wyverns
  A basilisk (Lair:6)
  16 humans (D:13)
  2 chaos spawn (Depths:4)
  A spriggan simulacrum (Depths:1)
  4 fire elementals
  A hog (shapeshifter) (Vaults:3)
  An iron troll simulacrum (IceCv)
  Menkaure (D:6)
  A steam dragon (D:10)
  8 wargs
  9 vampire mosquitoes
  45 nagas
  A swamp worm (shapeshifter) (Vaults:5)
  A tengu zombie (D:15)
  An acid dragon (D:15)
  3 hydra simulacra (IceCv)
  A spectral spiny frog (Lair:1)
  7 water moccasins
  62 orc warriors
  10 porcupines
  A floating eye (shapeshifter) (Vaults:5)
  An ettin simulacrum (IceCv)
  2 phantoms
  5 eyes of draining
  9 ice beasts
  A black bear (Lair:2)
  An eye of draining (shapeshifter) (Vaults:1)
  43 ogres
  A black mamba simulacrum (Lair:1)
  4 sky beasts
  A wolf (shapeshifter) (Vaults:3)
  5 boggarts
  41 centaurs
  13 wolves
  15 crocodiles
  2 big kobolds
  A gnoll sergeant (D:10)
  A glowing shapeshifter simulacrum (Depths:1)
  30 bullfrogs
  6 earth elementals
  A wyvern zombie (D:14)
  A spiny frog simulacrum (Lair:1)
  A wyvern skeleton (D:14)
  6 scorpions
  An orc simulacrum (Vaults:1)
  11 wights
  6 howler monkeys
  2 electric eels
  5 crimson imps
  A bullfrog zombie (D:9)
  4 hounds
  A quasit (D:10)
  23 orc priests
  25 orc wizards
  A bullfrog skeleton (D:4)
  6 jellies
  4 centaur skeletons
  An iguana (D:7)
  10 worker ants
  A worker ant (shapeshifter) (Vaults:2)
  2 hound zombies
  8 mummies (Ossuary)
  9 gnolls
  16 adders
  4 shadow imps
  3 oozes
  3 adder skeletons
  3 worms (D:3)
  A dart slug (D:2)
  116 orcs
  A ball python (D:4)
  5 giant cockroaches
  10 goblins
  11 hobgoblins
  17 jackals
  4 quokkas
  7 bats
  6 frilled lizards
  A giant cockroach zombie (D:6)
  4 hobgoblin zombies (Ossuary)
  2 jackal skeletons
  A jackal zombie (D:5)
  17 kobolds
  A kobold zombie (Ossuary)
  A leopard gecko skeleton (D:4)
  3 orc zombies (Ossuary)
  A quokka skeleton (D:4)
  8 rats
  10 crawling corpses
  A fire vortex (Depths:2)
  4 tentacles (Shoals:1)
2234 creatures vanquished.

Vanquished Creatures (collateral kills)
  the Royal Jelly (Slime:5)
  An acid blob (Slime:5)
  An ancient champion (Depths:1)
  Agnes (Depths:1)
  2 tengu reavers (Vaults:5)
  4 nagarajas (Snake:4)
  A frost giant (Vaults:5)
  A vault warden (Vaults:5)
  2 very ugly things
  A stone giant (Vaults:5)
  A black draconian (Zot:2)
  A vampire knight (Depths:1)
  A merfolk javelineer (Shoals:4)
  A yaktaur captain (Vaults:5)
  A naga warrior (Snake:4)
  7 vault guards (Vaults:5)
  An ice dragon (Vaults:5)
  An anaconda (Snake:4)
  A merfolk avatar (Shoals:4)
  A two-headed ogre (Vaults:5)
  A death knight (Vaults:5)
  A dancing weapon (Elf:1)
  2 naga sharpshooters (Snake:4)
  A deep troll earth mage (Vaults:5)
  2 deep elf knights
  3 sea snakes (Snake:4)
  A deep troll (Vaults:5)
  An ironbrand convoker (Vaults:5)
  An ugly thing (Depths:1)
  An orc knight (Orc:2)
  2 mana vipers (Snake:4)
  An orc sorcerer (D:9)
  A cyclops (D:14)
  2 manticores (Shoals:4)
  5 elephants (Lair:2)
  A gargoyle (D:14)
  4 ice statues (IceCv)
  2 naga magi (Snake:4)
  An anaconda simulacrum (IceCv)
  A yaktaur (Vaults:5)
  A rime drake (shapeshifter) (D:14)
  A komodo dragon (Lair:2)
  A merfolk (Shoals:4)
  A tyrant leech (Lair:6)
  4 slime creatures (Slime:1)
  2 spectral dream sheep (Lair:1)
  A blink frog (Lair:1)
  A snapping turtle (Shoals:4)
  2 dire elephant simulacra (IceCv)
  A wraith (D:14)
  A vampire mosquito (Lair:6)
  2 nagas (Snake:4)
  2 water moccasins
  An ice beast (D:14)
  6 orc warriors
  2 bullfrogs (Lair:6)
  A glowing shapeshifter simulacrum (Vaults:5)
  A crimson imp (D:14)
  An orc priest (Vaults:5)
  2 orcs
  A crawling corpse (Vaults:5)
100 creatures vanquished.

Vanquished Creatures (others)
  A deep elf master archer (Elf:3)
  A tengu reaver (Depths:1)
  A ghost moth (Zot:2)
  A draconian scorcher (Zot:2)
  A draconian annihilator (Zot:4)
  2 yaktaur captains
  A deep troll earth mage (Depths:1)
  A satyr (Shoals:3)
  A vampire mage (Depths:4)
  A sea snake (Shoals:1)
  A deep troll (Depths:1)
  An ugly thing (Depths:1)
  A spiny frog (Lair:6)
  A merfolk siren (Shoals:4)
  A hornet (Vaults:5)
  A blink frog (shapeshifter) (Vaults:5)
  A dream sheep (Shoals:4)
  2 water elementals (Elf:3)
  A naga (Snake:4)
  3 slaves (D:8)
  An ogre (Vaults:3)
  3 centaurs
  An orc wizard (Elf:1)
  An orc (Vaults:1)
  A bush (Lair:6)
  3 crawling corpses (Elf:3)
  A fire vortex (Depths:2)
  15 fungi
  36 plants
  12 tentacles
  6 withered plants (Shoals:3)
104 creatures vanquished.

Grand Total: 2438 creatures vanquished

Notes
Turn   | Place    | Note
-------+----------+-------------------------------------------
     0 | D:1      | wazuzu the Vine Stalker Berserker began the quest for the Orb.
     0 | D:1      | Reached XP level 1. HP: 11/11 MP: 2/2
   189 | D:1      | Reached skill level 1 in Stealth
   462 | D:1      | Reached XP level 2. HP: 16/16 MP: 3/3
   677 | D:1      | Reached skill level 2 in Stealth
   874 | D:1      | Reached XP level 3. HP: 18/19 MP: 4/4
  1459 | D:2      | Reached skill level 3 in Stealth
  1550 | D:2      | Found an opulent altar of Gozag.
  1583 | D:2      | Found a deep blue altar of Sif Muna.
  1678 | D:2      | Gained mutation: Your natural rate of healing is unusually fast. [Vine Stalker growth]
  1678 | D:2      | Reached XP level 4. HP: 23/23 MP: 5/5
  1686 | D:2      | Found a shattered altar of Ashenzari.
  2010 | D:3      | Reached ** piety under Trog
  2027 | D:3      | Noticed Sigmund
  2036 | D:3      | Killed Sigmund
  2036 | D:3      | Reached skill level 5 in Stealth
  2036 | D:3      | Reached XP level 5. HP: 23/27 MP: 4/6
  2036 | D:3      | Reached XP level 6. HP: 27/32 MP: 4/7
  2587 | D:3      | Reached skill level 5 in Short Blades
  2615 | D:3      | Reached skill level 6 in Stealth
  2659 | D:3      | Found a faded altar of an unknown god.
  2780 | D:3      | Found an iron altar of Okawaru.
  2906 | D:4      | Reached XP level 7. HP: 35/35 MP: 6/8
  2910 | D:4      | Reached *** piety under Trog
  2996 | D:4      | Reached skill level 7 in Stealth
  3024 | D:4      | Found a white marble altar of Elyvilon.
  3126 | D:4      | Found a radiant altar of Vehumet.
  3188 | D:4      | Found a bloodstained altar of Trog.
  3189 | D:4      | Found a shadowy altar of Dithmenos.
  3189 | D:4      | Found an ornate altar of the Wu Jian Council.
  3193 | D:4      | Found a blossoming altar of Fedhas.
  3193 | D:4      | Found a stormy altar of Qazlal.
  3195 | D:4      | Found a glowing golden altar of the Shining One.
  3434 | D:5      | Entered Level 5 of the Dungeon
  3488 | D:5      | Reached skill level 8 in Stealth
  3488 | D:5      | Gained mutation: You have razor-sharp teeth. [Vine Stalker growth]
  3488 | D:5      | Reached XP level 8. HP: 31/39 MP: 7/9
  3768 | D:5      | Found a staircase to the Ecumenical Temple.
  3777 | Temple   | Entered the Ecumenical Temple
  4371 | D:6      | Reached skill level 9 in Stealth
  4508 | D:6      | Noticed Menkaure
  4516 | D:6      | Killed Menkaure
  4639 | D:6      | Got an iridescent shortbow
  4653 | D:6      | Identified the +5 shortbow "Retexim" {venom, rF- Str+4 Dex+7} (You found it on level 6 of the Dungeon)
  4706 | D:6      | Reached skill level 10 in Stealth
  4712 | D:6      | Reached XP level 9. HP: 45/45 MP: 8/10
  5015 | D:7      | Reached **** piety under Trog
  5133 | D:7      | Found Inig's Distillery.
  5135 | D:7      | Bought a potion of agility for 60 gold pieces
  5135 | D:7      | Bought a potion of might for 60 gold pieces
  5135 | D:7      | Bought 2 potions of lignification for 90 gold pieces
  5135 | D:7      | Bought a potion of flight for 45 gold pieces
  5198 | D:7      | Reached skill level 11 in Stealth
  5336 | D:7      | Found a hide-covered altar of Uskayaw.
  5471 | D:7      | Reached skill level 5 in Fighting
  5958 | D:8      | Found a sand-covered staircase.
  5983 | Ossuary  | Entered an ossuary
  6047 | Ossuary  | Reached ***** piety under Trog
  6218 | D:8      | Noticed Pikel
  6221 | D:8      | Noticed Joseph
  6320 | D:8      | Killed Pikel
  6320 | D:8      | Reached skill level 12 in Stealth
  6320 | D:8      | Reached XP level 10. HP: 53/53 MP: 9/11
  6528 | D:8      | Killed Joseph
  6731 | D:8      | Found Zeruh's General Store.
  6741 | D:8      | Bought a potion of degeneration for 14 gold pieces
  6742 | D:8      | Found an ancient bone altar of Kikubaaqudgha.
  6742 | D:8      | Found a sacrificial altar of Ru.
  6805 | D:8      | Noticed Erica
  6815 | D:8      | Killed Erica
  7035 | D:9      | Found a sacrificial altar of Ru.
  7320 | D:9      | Reached XP level 11. HP: 35/60 MP: 12/12
  7321 | D:9      | Received a gift from Trog
  7560 | D:9      | Reached skill level 10 in Short Blades
  7894 | D:9      | Found a staircase to the Orcish Mines.
  8117 | D:10     | Entered Level 10 of the Dungeon
  8175 | D:10     | Noticed a two-headed ogre
  8197 | D:10     | Killed a two-headed ogre
  8350 | D:10     | Noticed a manticore
  8361 | D:10     | Killed a manticore
  8734 | D:10     | Killed an unseen horror
  9142 | D:11     | Noticed a green ugly thing
  9150 | D:11     | Killed a green ugly thing
  9249 | D:11     | Reached skill level 1 in Evocations
  9331 | D:11     | Found a staircase to the Lair.
  9337 | D:11     | Gained mutation: You heal very quickly. [Vine Stalker growth]
  9337 | D:11     | Reached XP level 12. HP: 67/67 MP: 14/14
  9354 | D:11     | Received a gift from Trog
  9414 | D:11     | Noticed a two-headed ogre
  9420 | D:11     | Killed a two-headed ogre
  9551 | D:11     | Got a pair of ichor-stained gloves
  9562 | D:11     | Identified the cursed +0 pair of gloves of the Sky {rElec rF+ MR+ Str-3 Dex+4} (You found it on level 11 of the Dungeon)
  9621 | D:11     | Reached skill level 10 in Fighting
  9991 | Lair:1   | Entered Level 1 of the Lair of Beasts
 10211 | Lair:1   | Found a runed gate.
 10211 | Lair:1   | Found a runed gate.
 10211 | Lair:1   | Found a runed gate.
 10212 | Lair:1   | Noticed Guadghas's ghost (journeyman CeBe)
 10297 | Lair:1   | Killed Guadghas's ghost
 11368 | Lair:2   | Reached skill level 5 in Armour
 11379 | Lair:2   | Reached skill level 5 in Dodging
 11413 | Lair:2   | Noticed Fannar
 11454 | Lair:2   | Killed Fannar
 11495 | Lair:2   | Found a stormy altar of Qazlal.
 11515 | Lair:2   | Reached XP level 13. HP: 72/72 MP: 16/16
 11948 | Lair:2   | You fall through a shaft!
 11954 | Lair:3   | Found a staircase to the Shoals.
 12514 | Lair:3   | Found a staircase to the Snake Pit.
 13247 | Snake:1  | Entered Level 1 of the Snake Pit
 13403 | Lair:4   | Received a gift from Trog
 14624 | Lair:5   | Found a staircase to the Slime Pits.
 14999 | Lair:6   | Entered Level 6 of the Lair of Beasts
 15175 | Lair:6   | Reached skill level 5 in Evocations
 15424 | Lair:6   | Reached XP level 14. HP: 62/79 MP: 15/19
 15736 | Lair:6   | HP: 4/118 [five-headed hydra (6)]
 15860 | Lair:6   | Upgraded the game from 0.22-a0-815-gb582571 to 0.22-a0-833-g8522bf8
 16086 | Lair:6   | Received a gift from Trog
 16795 | Orc:1    | Entered Level 1 of the Orcish Mines
 16814 | Orc:1    | Noticed an orc warlord
 16854 | Orc:1    | Killed an orc warlord
 17176 | Orc:1    | Noticed an orc warlord
 17198 | Orc:1    | Killed an orc warlord
 17260 | Orc:1    | Found Hotz's Antique Armour Boutique.
 17280 | Orc:1    | Received a gift from Trog
 17588 | Orc:2    | Entered Level 2 of the Orcish Mines
 17599 | Orc:2    | Found Aquelug's Antique Weapon Shoppe.
 17640 | Orc:2    | Found Xab Mim's Book Emporium.
 17741 | Orc:2    | Bought a brightly glowing rapier for 216 gold pieces
 17741 | Orc:2    | Identified the +3 rapier of Benevolence {pierce, rC+ Stlth+} (You bought it in a shop on level 2 of the Orcish Mines)
 17902 | Orc:2    | Noticed an orc warlord
 17903 | Orc:2    | Found Ruchi's Antique Armour Boutique.
 17983 | Orc:2    | Noticed Josephine
 17995 | Orc:2    | Killed an orc warlord
 17998 | Orc:2    | Killed Josephine
 17998 | Orc:2    | Reached skill level 13 in Stealth
 18085 | Orc:2    | Reached XP level 15. HP: 84/84 MP: 22/22
 18176 | Orc:2    | Bought a transparent hat for 288 gold pieces
 18186 | Orc:2    | Identified the +2 hat of Optimism {rCorr} (You bought it in a shop on level 2 of the Orcish Mines)
 18271 | Orc:2    | Found Oliprapn's General Store.
 18279 | Orc:2    | Bought a +2 pair of boots of flying for 322 gold pieces
 18419 | Orc:2    | Found a staircase to the Elven Halls.
 19828 | D:13     | Found a gate to the Vaults.
 19828 | D:13     | Noticed Urug
 19836 | D:13     | Killed Urug
 20028 | D:13     | Noticed Snorg
 20033 | D:13     | Killed Snorg
 20334 | D:13     | Noticed Frances
 20343 | D:13     | Killed Frances
 20953 | D:14     | Received a gift from Trog
 21258 | D:15     | Entered Level 15 of the Dungeon
 21355 | D:15     | Reached skill level 14 in Stealth
 21392 | D:15     | Found a staircase to the Depths.
 21449 | D:15     | HP: 2/85 [deep troll earth mage zombie (5)]
 21516 | D:15     | Found Zuloerho's Specialty Armours.
 21630 | D:15     | Reached skill level 10 in Evocations
 21645 | D:15     | Reached XP level 16. HP: 77/90 MP: 24/24
 22102 | D:15     | Received a gift from Trog
 22481 | Snake:1  | Found Moezag's Magic Scroll Boutique.
 22486 | Snake:1  | Found Timosyor's Armour Shop.
 22487 | Snake:1  | Found Ehiosogh's Antique Weapon Boutique.
 22490 | Snake:1  | Bought a scroll of acquirement for 676 gold pieces
 22491 | Snake:1  | Got a slimy quick blade
 22492 | Snake:1  | Identified the +10 quick blade of Indomitability {drain, rF+ rN+ Stlth+} (You acquired it on level 1 of the Snake Pit)
 22524 | Snake:1  | Noticed Rupert
 22531 | Snake:1  | Killed Rupert
 22531 | Snake:1  | Reached skill level 15 in Stealth
 22796 | Snake:1  | Found Annu's Antique Weapon Boutique.
 22812 | Snake:1  | Noticed Roxanne
 22843 | Snake:1  | Killed Roxanne
 23522 | Snake:2  | Reached skill level 16 in Stealth
 23777 | Snake:3  | Found Vomoomi's Weapon Emporium.
 23779 | Snake:3  | Found Xefuwaat's Gadget Shoppe.
 23846 | Snake:3  | Reached skill level 1 in Shields
 24359 | Snake:4  | Entered Level 4 of the Snake Pit
 24424 | Snake:4  | Received a gift from Trog
 24449 | Snake:4  | Reached XP level 17. HP: 95/95 MP: 26/26
 24464 | Snake:4  | Got a faintly glowing iron ring
 24465 | Snake:4  | Identified the ring of Nesipteo {+Inv rF- rN+ SInv} (You took it off a naga mage on level 4 of the Snake Pit)
 24818 | Snake:4  | Received a gift from Trog
 25386 | Snake:4  | Reached ****** piety under Trog
 25511 | Snake:4  | Got a serpentine rune of Zot
 25673 | Shoals:1 | Entered Level 1 of the Shoals
 25685 | Shoals:1 | Found a frozen archway.
 25776 | IceCv    | Entered an ice cave
 25837 | IceCv    | Reached XP level 18. HP: 102/102 MP: 28/28
 26098 | Shoals:1 | Received a gift from Trog
 26189 | Shoals:1 | Reached XP level 19. HP: 76/107 MP: 16/29
 26522 | Shoals:1 | Reached skill level 15 in Fighting
 27626 | Shoals:3 | Found Plog's Antique Weapon Emporium.
 28019 | Shoals:3 | Found a runed gate.
 28020 | Shoals:3 | Found a runed gate.
 28021 | Shoals:3 | Found a runed gate.
 28022 | Shoals:3 | Noticed Rijenev's ghost (journeyman MiFi)
 28030 | Shoals:3 | Noticed WinstonMain's ghost (adept DsGl)
 28542 | Shoals:3 | Received a gift from Trog
 28622 | Shoals:4 | Entered Level 4 of the Shoals
 28622 | Shoals:4 | Noticed Jorgrun
 28625 | Shoals:4 | Killed Jorgrun
 28860 | Shoals:4 | Got a barnacled rune of Zot
 29032 | Shoals:4 | Noticed Ilsuiw
 29072 | Shoals:4 | Killed Ilsuiw
 29299 | Shoals:4 | Noticed Nikola
 29326 | Shoals:4 | Killed Nikola
 29559 | Shoals:4 | Noticed Polyphemus
 29561 | Shoals:4 | Killed Polyphemus
 29561 | Shoals:4 | Reached skill level 15 in Evocations
 29776 | Shoals:4 | Reached XP level 20. HP: 107/116 MP: 32/32
 30132 | Elf:1    | Entered Level 1 of the Elven Halls
 30145 | Elf:1    | Received a gift from Trog
 30217 | Elf:1    | Found a portal to a secret trove of treasure.
 30709 | Elf:1    | Found Koqogruh's Distillery.
 30717 | Elf:1    | Bought 2 potions of haste for 260 gold pieces
 30872 | Elf:1    | Received a gift from Trog
 31823 | Elf:2    | Found a huge runed gate.
 31823 | Elf:2    | Found a huge runed gate.
 31823 | Elf:2    | Found a huge runed gate.
 31831 | Elf:2    | Found a huge runed gate.
 31832 | Elf:2    | Found a huge runed gate.
 32287 | Elf:2    | Received a gift from Trog
 33158 | Slime:1  | Entered Level 1 of the Pits of Slime
 33487 | Slime:1  | Gained mutation: Scrolls take you a little longer to read. [a shining eye]
 33489 | Slime:1  | Gained mutation: You tend to lose your temper in combat. [a shining eye]
 33836 | Slime:2  | Reached XP level 21. HP: 113/126 MP: 34/34
 34389 | Slime:5  | Entered Level 5 of the Pits of Slime
 34399 | Slime:5  | Received a gift from Trog
 34460 | Slime:5  | Gained mutation: You are weak. (Str -2) [a shining eye]
 34919 | Slime:5  | Noticed the Royal Jelly
 34936 | Slime:5  | Killed the Royal Jelly
 35237 | Slime:5  | Received a gift from Trog
 35411 | Slime:5  | Got a slimy rune of Zot
 36103 | Elf:1    | You showed the slimy rune of Zot to enter a treasure trove
 36104 | Trove    | Entered a treasure trove
 36116 | Trove    | Identified the Compendium of Ashen Arcane Weapons
 36135 | Trove    | Reached XP level 22. HP: 133/133 MP: 35/35
 36144 | Trove    | Got a flickering bronze amulet
 36147 | Trove    | Identified the amulet "Xiguclaz" {Reflect Fragile rN+ Str+7 SH+3 Stlth-} (You found it in a treasure trove)
 36384 | Vaults:1 | Entered Level 1 of the Vaults
 36468 | Vaults:1 | Reached skill level 10 in Dodging
 37302 | Vaults:1 | Lost mutation: Scrolls take you a little longer to read. [potion of mutation]
 37302 | Vaults:1 | Lost mutation: You tend to lose your temper in combat. [potion of mutation]
 37302 | Vaults:1 | Lost mutation: You are weak. (Str -2) [potion of mutation]
 37302 | Vaults:1 | Gained mutation: Your spells are a little easier to cast, but a little less powerful. [potion of mutation]
 37302 | Vaults:1 | Gained mutation: You are frail. (-10% HP) [potion of mutation]
 37302 | Vaults:1 | Gained mutation: You are weak. (Str -2) [potion of mutation]
 37302 | Vaults:1 | Lost mutation: You are weak. (Str -2) [potion of mutation]
 37303 | Vaults:1 | Lost mutation: You are frail. (-10% HP) [potion of mutation]
 37303 | Vaults:1 | Gained mutation: You are clumsy. (Dex -2) [potion of mutation]
 37303 | Vaults:1 | Gained mutation: You are partially covered in slimy green scales. (AC +2) [potion of mutation]
 37303 | Vaults:1 | Gained mutation: You expend magic power (3 MP) to strengthen your wands. [potion of mutation]
 37563 | Vaults:1 | Reached XP level 23. HP: 126/137 MP: 36/36
 37889 | Vaults:2 | Found a flickering gateway to a bazaar.
 37897 | Bazaar   | Entered a bazaar
 37897 | Bazaar   | Found Vaymaesm's Food Boutique.
 37897 | Bazaar   | Found Vasmetyz's Armour Shop.
 37897 | Bazaar   | Found Imatsir's Book Shop.
 38118 | Vaults:2 | Found a staircase to the Crypt.
 38531 | Vaults:2 | Received a gift from Trog
 39638 | Vaults:3 | Received a gift from Trog
 40621 | Vaults:4 | Found Nieclad's Antique Weapon Shop.
 40701 | Vaults:4 | Found Vagesaiss's Gadget Emporium.
 40709 | Vaults:4 | Found Daklel's Book Shop.
 40710 | Vaults:4 | Found Ranaroc's Assorted Antiques.
 40719 | Vaults:4 | Bought a knobbly brass ring for 160 gold pieces
 40719 | Vaults:4 | Bought a potion of haste for 320 gold pieces
 40755 | Vaults:4 | Received a gift from Trog
 40797 | Vaults:4 | Bought an ancient fustibalus for 560 gold pieces
 40797 | Vaults:4 | Identified the +11 fustibalus of Brawling {velocity, *Drain +Blink MR+ Stlth+} (You bought it in a shop on level 4 of the Vaults)
 40875 | Vaults:4 | Received a gift from Trog
 41120 | Vaults:4 | Reached skill level 1 in Slings
 41126 | Vaults:4 | Reached XP level 24. HP: 142/142 MP: 37/37
 41549 | Vaults:4 | Upgraded the game from 0.22-a0-833-g8522bf8 to 0.22-a0-858-g985ef60
 41585 | Vaults:5 | Entered Level 5 of the Vaults
 41585 | Vaults:5 | Noticed an ancient lich
 41659 | Vaults:5 | Noticed an ancient lich
 41680 | Vaults:5 | Killed an ancient lich
 41892 | Vaults:5 | Reached skill level 5 in Slings
 42060 | Vaults:5 | Received a gift from Trog
 42508 | Vaults:5 | Reached skill level 10 in Slings
 42546 | Vaults:5 | Noticed an ancient lich
 42570 | Vaults:5 | Killed an ancient lich
 42617 | Vaults:5 | Killed an ancient lich
 42617 | Vaults:5 | Reached XP level 25. HP: 147/147 MP: 36/38
 42732 | Vaults:5 | Got a brightly glowing golden amulet
 42947 | Vaults:5 | Received a gift from Trog
 42963 | Vaults:5 | Found the amulet of the Air {Inacc +Fly rElec EV+5 RMsl}
 43529 | Vaults:5 | Received a gift from Trog
 43660 | Vaults:5 | Got a silver rune of Zot
 44082 | Elf:3    | Entered Level 3 of the Elven Halls
 44178 | Elf:3    | Received a gift from Trog
 44185 | Elf:3    | Found a huge runed gate.
 44185 | Elf:3    | Found a huge runed gate.
 44185 | Elf:3    | Found a huge runed gate.
 44220 | Elf:3    | Found a huge runed gate.
 44220 | Elf:3    | Found a huge runed gate.
 44309 | Elf:3    | Found a huge runed gate.
 44309 | Elf:3    | Found a huge runed gate.
 44310 | Elf:3    | Found a huge runed gate.
 44461 | Elf:3    | Found a huge runed gate.
 44461 | Elf:3    | Found a huge runed gate.
 44504 | Elf:3    | Found a huge runed gate.
 44504 | Elf:3    | Found a huge runed gate.
 44505 | Elf:3    | Found a huge runed gate.
 44506 | Elf:3    | Found a huge runed gate.
 44519 | Elf:3    | Found a huge runed gate.
 44519 | Elf:3    | Found a huge runed gate.
 44713 | Elf:3    | Received a gift from Trog
 44756 | Elf:3    | Received a gift from Trog
 44949 | Elf:3    | Reached skill level 17 in Stealth
 45041 | Elf:3    | Received a gift from Trog
 45169 | Elf:3    | Reached skill level 18 in Stealth
 45225 | Elf:3    | Received a gift from Trog
 45688 | Elf:3    | Identified the amulet of Mosompun {+Rage rF+ rN+} (You took it off an orc on level 5 of the Vaults)
 46011 | Depths:1 | Entered Level 1 of the Depths
 46045 | Depths:1 | Reached skill level 19 in Stealth
 46083 | Depths:1 | Reached XP level 26. HP: 152/152 MP: 38/38
 46092 | Depths:1 | Noticed Sojobo
 46154 | Depths:1 | Killed Sojobo
 46215 | Depths:1 | Reached skill level 20 in Stealth
 46387 | Depths:1 | Received a gift from Trog
 46452 | Depths:1 | Found a gateway to Hell.
 46475 | Depths:1 | Noticed Asterion
 46482 | Depths:1 | Noticed Agnes
 46494 | Depths:1 | Killed Asterion
 46498 | Depths:1 | Killed Agnes
 46563 | Depths:1 | Found a gateway to a ziggurat.
 46758 | Depths:1 | Found a one-way gate to the infinite horrors of the Abyss.
 46792 | Depths:1 | Noticed an ancient lich
 46850 | Depths:1 | Killed an ancient lich
 46850 | Depths:1 | Reached skill level 5 in Shields
 47241 | Hell     | Entered the Vestibule of Hell
 47241 | Hell     | Noticed Geryon
 47649 | Depths:2 | Received a gift from Trog
 47956 | Depths:2 | Received a gift from Trog
 48134 | Depths:2 | Received a gift from Trog
 48146 | Depths:2 | Found a radiant altar of Vehumet.
 48146 | Depths:2 | Noticed Frederick
 48151 | Depths:2 | Killed Frederick
 48370 | Depths:2 | Received a gift from Trog
 48746 | Depths:3 | Reached skill level 15 in Armour
 48815 | Depths:3 | Reached XP level 27. HP: 144/156 MP: 38/38
 48870 | Depths:3 | Received a gift from Trog
 49160 | Depths:3 | Found Jaxus's Gadget Shoppe.
 49161 | Depths:3 | Found Duxteapp's Jewellery Boutique.
 49162 | Depths:3 | Found Xool's Gadget Shoppe.
 49173 | Depths:3 | Bought the ring of the Forgotten Gods {rF+ Stlth+} for 693 gold pieces
 49286 | Depths:3 | Found a one-way gate leading to the halls of Pandemonium.
 50065 | Depths:4 | Received a gift from Trog
 50415 | Depths:4 | Found a corrupted altar of Lugonu.
 50602 | Depths:5 | Entered Level 5 of the Depths
 50801 | Depths:5 | Found Maeleess's Armour Boutique.
 51141 | Depths:5 | Found a gate to the Realm of Zot.
 51148 | Depths:5 | Reached skill level 21 in Stealth
 51187 | Depths:5 | Received a gift from Trog
 51678 | Zot:1    | Entered Level 1 of the Realm of Zot
 52344 | Zot:2    | Reached skill level 15 in Dodging
 52838 | Zot:2    | Found a huge runed gate.
 52838 | Zot:2    | Found a huge runed gate.
 52838 | Zot:2    | Found a huge runed gate.
 52839 | Zot:2    | Found a huge runed gate.
 52848 | Zot:2    | Found a huge runed gate.
 52848 | Zot:2    | Found a huge runed gate.
 52849 | Zot:2    | Found a huge runed gate.
 52851 | Zot:2    | Found a huge runed gate.
 52851 | Zot:2    | Found a huge runed gate.
 52852 | Zot:2    | Found a huge runed gate.
 52861 | Zot:2    | Found a huge runed gate.
 52861 | Zot:2    | Found a huge runed gate.
 52862 | Zot:2    | Found a huge runed gate.
 52996 | Zot:2    | Noticed an orb of fire
 53016 | Zot:2    | Gained mutation: You are occasionally teleported next to monsters. [an orb of fire]
 53046 | Zot:2    | Killed an orb of fire
 53584 | Zot:2    | Lost mutation: You are clumsy. (Dex -2) [potion of mutation]
 53584 | Zot:2    | Lost mutation: Your spells are a little easier to cast, but a little less powerful. [potion of mutation]
 53584 | Zot:2    | Lost mutation: You expend magic power (3 MP) to strengthen your wands. [potion of mutation]
 53584 | Zot:2    | Gained mutation: Your body sometimes deteriorates upon taking damage. [potion of mutation]
 53584 | Zot:2    | Gained mutation: Armour fits poorly on your strangely shaped body. [potion of mutation]
 53584 | Zot:2    | Gained mutation: You have a pair of small antennae on your head. [potion of mutation]
 53584 | Zot:2    | Gained mutation: Your flesh is cold resistant. (rC+) [potion of mutation]
 53943 | Zot:3    | Reached skill level 22 in Stealth
 54048 | Zot:3    | Received a gift from Trog
 54736 | Zot:4    | Received a gift from Trog
 54884 | Zot:4    | Reached skill level 23 in Stealth
 55321 | Zot:4    | Lost mutation: You have a pair of small antennae on your head. [potion of mutation]
 55321 | Zot:4    | Lost mutation: Armour fits poorly on your strangely shaped body. [potion of mutation]
 55321 | Zot:4    | Lost mutation: You are partially covered in slimy green scales. (AC +2) [potion of mutation]
 55321 | Zot:4    | Gained mutation: You possess an exceptional clarity of mind. [potion of mutation]
 55321 | Zot:4    | Gained mutation: Scrolls take you a little longer to read. [potion of mutation]
 55321 | Zot:4    | Gained mutation: You have a somewhat thin skeletal structure. (Dex +2, Stealth) [potion of mutation]
 55911 | D:7      | Bought a potion of mutation for 120 gold pieces
 55911 | D:7      | Bought a potion of mutation for 120 gold pieces
 55911 | D:7      | Bought a potion of haste for 150 gold pieces
 55937 | D:8      | Bought a potion of haste for 140 gold pieces
 55937 | D:8      | Bought a potion of might for 56 gold pieces
 56287 | Zot:5    | Entered Level 5 of the Realm of Zot
 56365 | Zot:5    | Lost mutation: You possess an exceptional clarity of mind. [potion of mutation]
 56365 | Zot:5    | Lost mutation: Your flesh is cold resistant. (rC+) [potion of mutation]
 56365 | Zot:5    | Lost mutation: Your body sometimes deteriorates upon taking damage. [potion of mutation]
 56365 | Zot:5    | Gained mutation: You have an increased reservoir of magic. (+10% MP) [potion of mutation]
 56365 | Zot:5    | Gained mutation: You expend magic power (3 MP) to strengthen your wands. [potion of mutation]
 56365 | Zot:5    | Gained mutation: You are partially covered in rugged brown scales. (AC +1, +3% HP) [potion of mutation]
 56405 | Zot:5    | Noticed an orb of fire
 56406 | Zot:5    | Noticed an orb of fire
 56406 | Zot:5    | Noticed an orb of fire
 56406 | Zot:5    | Noticed an orb of fire
 56416 | Zot:5    | Gained mutation: You are clumsy. (Dex -2) [an orb of fire]
 56419 | Zot:5    | Noticed an orb of fire
 56419 | Zot:5    | Noticed an orb of fire
 56438 | Zot:5    | HP: 4/165 [Orb Guardian (9)]
 56439 | Zot:5    | Mangled by an Orb Guardian

Vault maps used:
D:1:      tarquinn_simple_flora_water_e
D:2:      ashenzari_altar_1, nicolae_overflow_crystal_walls,
          nicolae_gozag_cash_rules_everything_around_me
D:3:      okawaru_altar_gauntlet_db, chequers_ecumenical_altar_grove,
          uniq_sigmund
D:4:      vehumet_altar_wand_db, overflow_temple_1_default,
          grunt_temple_overflow_open, first_ration
D:5:      lemuel_temple_firewalk_a, due_unseen_surprise
D:6:      uniq_menkaure
D:7:      serial_shops, shop, basic_altar, eino_tiny_chamber
D:8:      chequers_temple_overflow_statue_of_worship, serial_shops, shop,
          nicolae_ossuary_entry_ruins, uniq_joseph, uniq_pikel, uniq_erica
D:9:      orc_0_dummy, hangedman_fish_farm, nicolae_ru_awakened_eye
D:10:     minmay_splitting_lines
D:11:     david_lair_generic
D:13:     david_vaults_3, uniq_frances, uniq_snorg
D:14:     minmay_triangles_in_corner
D:15:     gammafunk_depths_entry_grave, serial_park_square3,
          nicolae_barding_shop
Temple:   grunt_temple_mini_profane
Lair:1:   gammafunk_ghost_necromancy, serial_bayou_pond_d
Lair:2:   basic_altar, st_stairs_10, grunt_megastairs_4,
          infiniplex_staircase_pool_2, minmay_lair_oklob_chamber, uniq_fannar
Lair:3:   shoals_dummy_entry, guppyfry_snake_entry_island, beast_lair_carwin_5,
          serial_bayou_shore_a
Lair:5:   nicolae_slime_entry_slimehenge
Lair:6:   minmay_lair_end_frog_pond
Shoals:1: portal_ice_cave_entry_ugly_swarm, nicolae_shoals_arrival_archipelago
Shoals:2: nicolae_shoals_seven_spires
Shoals:3: gammafunk_ghost_cemetery, serial_shops, shop
Shoals:4: shoals_end_simple, shoals_ilsuiw_alternative, kb_tengu_band,
          uniq_polyphemus, uniq_jorgrun, uniq_nikola
Snake:1:  serial_shops, shop, minmay_shop_star, uniq_roxanne, uniq_rupert
Snake:2:  nicolae_snake_serpentine_hallways, corexii_hall_statues_l
Snake:3:  special_room, minmay_shoptagon
Snake:4:  grunt_snake_rune_pools, serial_bayou_shore_b
Slime:1:  nicolae_slime_phagocytosis
Orc:1:    serial_shops, shop
Orc:2:    grunt_orc_gardens, grunt_orc_garden, grunt_orc_garden,
          grunt_orc_garden, grunt_orc_garden, uniq_josephine
Elf:1:    serial_shops, shop, enter_trove_6, orc_legates
Elf:3:    elf_hall, door_vault
Vaults:1: v_misc_12, vaults_room_fours, ontoclasm_vaults_decontamination,
          ontoclasm_vaults_fault, vaults_mumra_bighexcomb, grunt_vaults_focal,
          ontoclasm_vaults_loading_screen, nicolae_vaults_little_squares_6,
          nicolae_vaults_little_squares_2, ontoclasm_vaults_hangar
Vaults:2: minmay_crypt_entry_vampire_xt, v_pattern_4, grunt_vaults_trifunnel,
          v_misc_23, v_alt_pattern_4, v_rooms_1, ontoclasm_vaults_ring_square,
          v_rooms_5, ontoclasm_vaults_pinch, v_misc_10,
          nicolae_vaults_shelves_hall, nicolae_vaults_specimen_jars,
          serial_shops, bzr_entry_safe
Vaults:3: hangedman_vaults_slice, nicolae_vaults_asterisk, vaults_room_boxed,
          vaults_room_pool, nicolae_vaults_hallways_thing, vaults_dpeg_spiral,
          grunt_vaults_hallway_long, vaults_room_semicircle,
          vaults_room_door_hall, v_misc_8, vaults_dpeg_ring,
          ontoclasm_vaults_gateway, vaults_room_pools
Vaults:4: nicolae_vaults_disjoint_gnomons, vaults_dpeg_diagonal, v_misc_25,
          grunt_vaults_twisty, nicolae_vaults_theta,
          ontoclasm_vaults_loading_screen, v_misc_19, vaults_dpeg_cross,
          hangedman_vaults_nails, ontoclasm_vaults_ligature,
          ontoclasm_vaults_chip, serial_shops, shop, shop, shop, shop
Depths:1: enter_ziggurat_a, special_room, hell_entry,
          abyss_entry_small_statue_room, kennysheep_minor_cross, sword_in_stone,
          uniq_sojobo
Depths:2: evilmike_halls_of_destruction, lightli_too_deep,
          infiniplex_staircase_zigzag_4, abyss_entry
Depths:3: minmay_blocking_statues, nicolae_twisting_strands,
          pf_hell_entry_tar_spiral, pan_entry, infiniplex_staircase_pool_1,
          minmay_shop_grove
Depths:4: grunt_house_of_mirrors, rand_demon_pan_entry_7,
          abyss_entry_flame_altar, hell_entry, kennysheep_generic_room_14
Depths:5: grunt_zot_entry_tricorne, abyss_entry, serial_shops, shop,
          hangedman_abyss_or_decor_slice, hell_entry
Zot:2:    hangedman_zot_wheel_spokes, door_vault
Zot:4:    cheibrodos_zot_enchanting_chambers
Zot:5:    st_stairs_10
Bazaar:   bazaar_minmay_generic_box
Trove:    trove_garden
Ossuary:  ossuary_tomb_3
IceCv:    ice_cave_statue_garden_chambered

Skill      XL: |  1  2  3  4  5  6  7  8  9 10 11 12 13 14 15 16 17 18 19 20 21 22 23 24 25 26 27 |
---------------+----------------------------------------------------------------------------------+-----
Stealth        | 1 2 3 5 6 8 10 12 13 14 16 19 20 23 | 23.8
Short Blades   | 3 4 5 6 7 9 11 12 13 14 | 14.0
Fighting       | 4 5 8 9 10 11 12 13 14 16 19 20 21 | 21.9
Armour         | 2 5 7 8 11 13 14 15 16 | 16.0
Dodging        | 2 5 7 8 9 10 12 13 16 | 16.0
Evocations     | 1 3 5 8 10 11 12 13 15 16 19 20 | 20.0
Shields        | 3 4 7 9 |  9.0
Slings         | 1 11 14 | 14.0

Action                   |  1- 3 |  4- 6 |  7- 9 | 10-12 | 13-15 | 16-18 | 19-21 | 22-24 | 25-27 || total
-------------------------+-------+-------+-------+-------+-------+-------+-------+-------+-------++-------
Melee: Short sword       |    86 |    45 |   116 |   482 |   821 |       |       |       |       ||  1550
       Bite              |    28 |    50 |   130 |   261 |   818 |   535 |   983 |   999 |  2026 ||  5830
       Dagger            |       |    58 |   151 |       |       |       |       |       |       ||   209
       Rapier            |       |       |       |       |   625 |   103 |       |       |       ||   728
       Quick blade       |       |       |       |       |       |   797 |  1525 |  1521 |  3526 ||  7369
Throw: Stone             |       |       |       |       |     6 |     2 |     5 |       |     1 ||    14
Invok: Berserk           |       |     4 |    12 |    24 |    30 |    11 |    11 |    11 |    18 ||   121
       Trog's Hand       |       |       |     1 |     1 |    14 |     7 |    12 |    14 |    27 ||    76
       Brothers in Arms  |       |       |       |     3 |     4 |     5 |     7 |     9 |    10 ||    38
Evoke: Wand              |       |       |       |       |     6 |       |       |     4 |     3 ||    13
       Phantom mirror    |       |       |       |       |       |       |       |       |     2 ||     2
  Use: Scroll            |       |     1 |    15 |     7 |    15 |     8 |     6 |    10 |    30 ||    92
       Potion            |       |       |       |       |     4 |     2 |     5 |     2 |     9 ||    22
 Stab: Sleeping          |     1 |       |    17 |    30 |    50 |    39 |    49 |    37 |    81 ||   304
       Distracted        |       |       |       |     3 |     6 |     6 |    10 |    10 |    15 ||    50
       Petrified         |       |       |       |       |       |       |     1 |       |       ||     1
       Paralysed         |       |       |       |       |       |       |       |       |     1 ||     1
  Eat: Chunk             |     2 |     7 |    18 |    27 |    52 |    14 |    27 |    27 |    56 ||   230
       Ration            |       |       |     1 |     4 |     5 |     4 |     7 |     3 |     7 ||    31
Armor: Animal skin       |     3 |       |       |       |       |       |       |       |       ||     3
       Scale mail        |    23 |    30 |     4 |       |       |       |       |       |       ||    57
       Ring mail         |       |       |    36 |    90 |    92 |       |       |       |       ||   218
       Skin              |       |       |       |       |    14 |       |       |       |       ||    14
       Troll leather arm |       |       |       |       |   179 |   125 |   205 |   109 |   103 ||   721
       Shadow dragon sca |       |       |       |       |       |       |       |       |   432 ||   432
Dodge: Dodged            |    46 |    49 |    88 |   131 |   985 |   354 |   565 |   472 |  1493 ||  4183
       Deflected         |       |       |       |       |       |       |       |       |    65 ||    65
Block: Other             |       |       |       |     8 |   216 |    27 |       |       |       ||   251
       Reflection        |       |       |       |       |     4 |    21 |    23 |    40 |    29 ||   117
       Buckler           |       |       |       |       |       |   172 |   419 |   403 |   640 ||  1634

Table legend:
 A = Spawn XP
 B = Non-spawn XP
 C = Spawn XP percentage of total XP
 D = Spawn monster count
 E = Non-spawn monster count
 F = Spawn count percentage of total count
 G = Total turns spent on level
                    A         B        C        D         E        F      G
               +---------+---------+-------+---------+---------+-------+---------
         Total |       0 | 1469869 |   0.0 |       0 |    2319 |   0.0 | 56439
               +---------+---------+-------+---------+---------+-------+---------
           D:1 |       0 |      39 |   0.0 |       0 |      23 |   0.0 |  1118
           D:2 |       0 |      45 |   0.0 |       0 |      11 |   0.0 |   856
           D:3 |       0 |     495 |   0.0 |       0 |      42 |   0.0 |   927
           D:4 |       0 |     540 |   0.0 |       0 |      21 |   0.0 |   533
           D:5 |       0 |     253 |   0.0 |       0 |      11 |   0.0 |   666
           D:6 |       0 |    1323 |   0.0 |       0 |      33 |   0.0 |   698
           D:7 |       0 |     995 |   0.0 |       0 |      23 |   0.0 |  1023
           D:8 |       0 |    2391 |   0.0 |       0 |      12 |   0.0 |   873
           D:9 |       0 |    4542 |   0.0 |       0 |      28 |   0.0 |  1671
          D:10 |       0 |    5125 |   0.0 |       0 |      36 |   0.0 |  1065
          D:11 |       0 |    5686 |   0.0 |       0 |      35 |   0.0 |  1128
          D:12 |       0 |    5146 |   0.0 |       0 |      37 |   0.0 |  1037
          D:13 |       0 |   14633 |   0.0 |       0 |      45 |   0.0 |   867
          D:14 |       0 |   12464 |   0.0 |       0 |      47 |   0.0 |   774
          D:15 |       0 |   19711 |   0.0 |       0 |      51 |   0.0 |  1144
        Lair:1 |       0 |    6180 |   0.0 |       0 |      35 |   0.0 |  1291
        Lair:2 |       0 |    9417 |   0.0 |       0 |      42 |   0.0 |  1234
        Lair:3 |       0 |    3779 |   0.0 |       0 |      15 |   0.0 |  1270
        Lair:4 |       0 |    5045 |   0.0 |       0 |      20 |   0.0 |  1064
        Lair:5 |       0 |    2540 |   0.0 |       0 |      11 |   0.0 |  1117
        Lair:6 |       0 |   19949 |   0.0 |       0 |      70 |   0.0 |  1591
      Shoals:1 |       0 |   16792 |   0.0 |       0 |      27 |   0.0 |   881
      Shoals:2 |       0 |   10601 |   0.0 |       0 |      20 |   0.0 |   857
      Shoals:3 |       0 |   16129 |   0.0 |       0 |      31 |   0.0 |  1026
      Shoals:4 |       0 |   49714 |   0.0 |       0 |      75 |   0.0 |  1253
       Snake:1 |       0 |   10506 |   0.0 |       0 |      12 |   0.0 |   646
       Snake:2 |       0 |   17161 |   0.0 |       0 |      34 |   0.0 |   615
       Snake:3 |       0 |    6954 |   0.0 |       0 |      15 |   0.0 |   594
       Snake:4 |       0 |   57198 |   0.0 |       0 |     108 |   0.0 |  1251
       Slime:1 |       0 |   20049 |   0.0 |       0 |      34 |   0.0 |   500
       Slime:2 |       0 |    9983 |   0.0 |       0 |      16 |   0.0 |   494
       Slime:3 |       0 |    8236 |   0.0 |       0 |       9 |   0.0 |   114
       Slime:4 |       0 |    9635 |   0.0 |       0 |      15 |   0.0 |   454
       Slime:5 |       0 |   31216 |   0.0 |       0 |      26 |   0.0 |   773
         Orc:1 |       0 |    8795 |   0.0 |       0 |      72 |   0.0 |   925
         Orc:2 |       0 |   11025 |   0.0 |       0 |      44 |   0.0 |  1298
         Elf:1 |       0 |   39745 |   0.0 |       0 |      74 |   0.0 |  1421
         Elf:2 |       0 |   30612 |   0.0 |       0 |      42 |   0.0 |  1573
         Elf:3 |       0 |   86980 |   0.0 |       0 |      84 |   0.0 |  1557
      Vaults:1 |       0 |   54695 |   0.0 |       0 |      88 |   0.0 |  1523
      Vaults:2 |       0 |   27192 |   0.0 |       0 |      66 |   0.0 |  1368
      Vaults:3 |       0 |   41594 |   0.0 |       0 |      75 |   0.0 |  1177
      Vaults:4 |       0 |   51240 |   0.0 |       0 |      88 |   0.0 |  1285
      Vaults:5 |       0 |  177915 |   0.0 |       0 |     155 |   0.0 |  2113
      Depths:1 |       0 |   83175 |   0.0 |       0 |      75 |   0.0 |  1323
      Depths:2 |       0 |   64192 |   0.0 |       0 |      71 |   0.0 |  1583
      Depths:3 |       0 |   57817 |   0.0 |       0 |      59 |   0.0 |  1087
      Depths:4 |       0 |   60649 |   0.0 |       0 |      42 |   0.0 |   913
      Depths:5 |       0 |   42168 |   0.0 |       0 |      36 |   0.0 |  1134
         Zot:1 |       0 |   30082 |   0.0 |       0 |      15 |   0.0 |   850
         Zot:2 |       0 |   80737 |   0.0 |       0 |      48 |   0.0 |  1222
         Zot:3 |       0 |   15918 |   0.0 |       0 |       9 |   0.0 |   760
         Zot:4 |       0 |   92998 |   0.0 |       0 |      57 |   0.0 |  1006
         Zot:5 |       0 |   21722 |   0.0 |       0 |      11 |   0.0 |   152
       Ossuary |       0 |     152 |   0.0 |       0 |      16 |   0.0 |   207
         IceCv |       0 |    5994 |   0.0 |       0 |      22 |   0.0 |   240
               +---------+---------+-------+---------+---------+-------+---------
